 Dungeon Crawl Stone Soup version 0.23-a0-275-g0cf4261 (webtiles) character file.

116982 iamserjio the Spry (level 17, -2/108 HPs)
             Began as a Kobold Air Elementalist on Oct 2, 2018.
             Was a High Priest of Sif Muna.
             Killed from afar by a bog body (31 damage)
             ... with a bolt of cold
             ... on level 4 of the Swamp.
             The game lasted 02:44:45 (39755 turns).

iamserjio the Spry (Kobold Air Elementalist)       Turns: 39755, Time: 02:44:46

Health: -2/108     AC: 20    Str:  7    XL:     17   Next: 27%
Magic:  16/33      EV: 29    Int: 24    God:    Sif Muna [*****.]
Gold:   1565       SH:  0    Dex: 16    Spells: 4/40 levels left

rFire    . . .     SeeInvis .   L - +8 whip "Snakebite" {curare, rPois}
rCold    . . .     Gourm    .   (shield restricted)
rNeg     . . .     Faith    .   j - +1 steam dragon scales
rPois    +         Spirit   .   w - +2 hat
rElec    .         Reflect  .   y - +2 cloak
rCorr    .         Harm     .   D - +2 pair of gloves
MR       +....                  X - +2 pair of boots {Stlth+}
Stlth    +++.......             U - amulet of magic regeneration
HPRegen  0.28/turn              P - ring of poison resistance
MPRegen  0.48/turn              k - +3 ring of intelligence

@: studying Armour, divine energy
A: small, carnivore
a: Stop Divine Energy, Channel Magic, Forget Spell, Renounce Religion


You were on level 4 of the Swamp.
You worshipped Sif Muna.
Sif Muna was extremely pleased with you.
You were very full.

You visited 6 branches of the dungeon, and saw 29 of its levels.
You also visited: Sewer and Bailey.

You collected 2651 gold pieces.
You spent 1086 gold pieces at shops.

Inventory:

Hand Weapons
 o - the +4 dagger "Raisin" {chaos, -Tele rPois rF+ Str+3}
   (You bought it in a shop on level 2 of the Orcish Mines)

   Each time it hits an enemy it has a different, random effect.
   It affects your strength (+3).
   It protects you from fire.
   It protects you from poison.
   It prevents most forms of teleportation.
 L - the +8 whip "Snakebite" (weapon) {curare, rPois}
   (You found it on level 1 of the Lair of Beasts)

   It poisons the flesh of those it strikes.
   It protects you from poison.
Armour
 j - +1 steam dragon scales (worn)
 m - a +1 robe of cold resistance
 v - a +2 robe of the Archmagi
 w - a +2 hat (worn)
 y - a +2 cloak (worn)
 D - a +2 pair of gloves (worn)
 X - a +2 pair of boots of stealth (worn)
Magical Staves
 K - an uncursed staff of air {rElec}
Jewellery
 k - a +3 ring of intelligence (right hand)
 M - an uncursed ring of protection from magic
 P - a ring of poison resistance (left hand)
 U - an amulet of magic regeneration (around neck)
 Z - an uncursed ring of see invisible
Wands
 b - a wand of scattershot (2)
 g - a wand of acid (8)
 n - a wand of polymorph (18)
 p - a wand of digging (45)
 G - a wand of iceblast (3)
 V - a wand of disintegration (30)
 W - a wand of paralysis (26)
Scrolls
 r - 8 scrolls of remove curse
 s - a scroll of summoning {!r}
 t - 10 scrolls of teleportation
 x - 3 scrolls of blinking
 z - 5 scrolls of immolation
 B - a scroll of holy word
 C - 2 scrolls of fear
 J - 2 scrolls of fog
 O - 6 scrolls of magic mapping
 R - 2 scrolls of vulnerability {!r}
Potions
 a - 5 potions of invisibility
 c - 7 potions of curing
 d - 4 potions of flight
 e - 5 potions of agility
 f - a potion of haste
 h - 6 potions of heal wounds
 l - a potion of cancellation
 q - 4 potions of lignification {!q}
 u - 4 potions of mutation {!q}
 A - 3 potions of might
 E - 2 potions of magic
 T - a potion of ambrosia
 Y - 4 potions of brilliance
Books
 I - a manual of Armour
Miscellaneous
 H - a phantom mirror
 S - a phial of floods
Comestibles
 F - 56 rations


   Skills:
 + Level 12.4 Fighting
 - Level 0.5 Maces & Flails
 + Level 9.1 Armour
 - Level 17.0 Dodging
 - Level 2.6 Stealth
 + Level 12.3 Spellcasting
 - Level 6.0 Conjurations
 - Level 1.0 Charms
 + Level 12.7 Summonings
 - Level 4.0 Necromancy
 - Level 4.0 Translocations
 - Level 8.0 Air Magic
 - Level 3.0 Invocations
 + Level 7.3 Evocations


You had 4 spell levels left.
You knew the following spells:

 Your Spells              Type           Power        Failure   Level  Hunger
a - Summon Butterflies    Summ           ######..     1%          1    None
b - Swiftness             Chrm/Air       #####...     1%          2    None
c - Airstrike             Air            ######....   1%          4    None
d - Spellforged Servitor  Conj/Summ      ######....   58%         7    ######.
e - Summon Lightning Spi  Summ/Air       ######..     1%          4    None
f - Mephitic Cloud        Conj/Pois/Air  #####...     1%          3    None
p - Apportation           Tloc           ####..       1%          1    None
q - Lightning Bolt        Conj/Air       #####.....   6%          5    ###....
r - Regeneration          Chrm/Necr      ####......   4%          3    None
s - Spectral Weapon       Hex/Chrm       ###.....     11%         3    None
Q - Animate Skeleton      Necr           N/A          1%          1    None
X - Blink                 Tloc           N/A          1%          2    None

Your spell library contained the following spells:

 Spells                   Type           Power        Failure   Level  Hunger
 Flame Tongue             Conj/Fire      ####.        1%          1    None
 Magic Dart               Conj           ####         1%          1    None
 Shock                    Conj/Air       ####         1%          1    None
 Sting                    Conj/Pois      ####         1%          1    None
 Summon Small Mammal      Summ           ####         1%          1    None
 Call Imp                 Summ           ######..     1%          2    None
 Corpse Rot               Necr           N/A          1%          2    None
 Poisonous Vapours        Pois/Air       ####..       1%          2    None
 Throw Flame              Conj/Fire      ####..       1%          2    None
 Throw Frost              Conj/Ice       ####..       1%          2    None
 Call Canine Familiar     Summ           ######..     1%          3    None
 Static Discharge         Conj/Air       #####...     1%          3    None
 Summon Guardian Golem    Hex/Summ       #####...     1%          3    None
 Infusion                 Chrm           ###.         2%          1    None
 Shroud of Golubria       Chrm/Tloc      ####......   2%          2    None
 Vampiric Draining        Necr           ####......   2%          3    None
 Conjure Flame            Conj/Fire      ####....     3%          3    None
 Summon Ice Beast         Ice/Summ       #####...     3%          4    None
 Confusing Touch          Hex            ##....       4%          1    None
 Corona                   Hex            ##.....      4%          1    None
 Freeze                   Ice            ##..         4%          1    None
 Song of Slaying          Chrm           ###.....     4%          2    None
 Portal Projectile        Hex/Tloc       ###...       5%          3    None
 Slow                     Hex            ##......     6%          2    None
 Ozocubu's Armour         Chrm/Ice       ###.....     11%         3    None
 Sticky Flame             Conj/Fire      ####....     12%         4    None
 Throw Icicle             Conj/Ice       ####....     12%         4    None
 Confuse                  Hex            ##......     13%         3    None
 Inner Flame              Hex/Fire       ##......     13%         3    None
 Cause Fear               Hex            ##........   38%         4    None
 Leda's Liquefaction      Hex/Erth       ##........   38%         4    None
 Olgreb's Toxic Radiance  Pois           ##......     38%         4    None
 Summon Mana Viper        Hex/Summ       #####...     9%          5    ###....
 Bolt of Draining         Conj/Necr      #####.....   14%         5    ###....
 Dispel Undead            Necr           ####....     22%         5    ###....
 Silence                  Hex/Air        ####......   22%         5    ###....
 Iskenderun's Battlesphe  Conj/Chrm      ####....     26%         5    ###....
 Fireball                 Conj/Fire      ####......   32%         5    ###....
 Venom Bolt               Conj/Pois      ####......   32%         5    ###....
 Bolt of Magma            Conj/Fire/Erth ###.......   45%         5    ###....
 Alistair's Intoxication  Tmut/Pois      ##......     75%         5    ###....
 Iron Shot                Conj/Erth      ####......   88%         6    #####..
 Orb of Destruction       Conj           #####.....   96%         7    ######.
 Ring of Flames           Chrm/Fire      ###.......   100%        7    ######.


Dungeon Overview and Level Annotations

Branches:
Dungeon (15/15)            Temple (1/1) D:6            Lair (6/6) D:11
  Swamp (4/4) Lair:2       Spider (0/4) Lair:3        Slime (1/5) Lair:5
    Orc (2/2) D:12            Elf (0/3) Orc:2        Vaults (0/5) D:14
 Depths (0/5) D:15

Altars:
Ashenzari
Cheibriados
Dithmenos
Elyvilon
Fedhas
Gozag
Hepliaklqana
Kikubaaqudgha
Makhleb
Nemelex Xobeh
Okawaru
Qazlal
Ru
Sif Muna
Trog
Uskayaw
Vehumet
Wu Jian
Xom
Yredelemnul
Zin
The Shining One
Beogh
Jiyva

Shops:
D:5 :   D:7 *:(%   D:11 (   Orc:1 =   Orc:2 [((

Annotations:
D:15 exclusion: Roxanne, Roxanne
Swamp:2 3 runed doors, grindst0ne's ghost, adept HuAr


Innate Abilities, Weirdness & Mutations

You are small and have problems with some larger weapons.
You are carnivorous and can eat meat at any time.


Message History

You enter the shallow water.
Moving in this stuff is going to be slow.
The bog body completely misses you.
The bog body touches you but does no damage.
The blink frog completely misses you.
The bog body points at you and mumbles some strange words.
You easily resist.
Your skin stops crawling.
The bog body hits you!
* * * LOW HITPOINT WARNING * * *
The bog body completely misses you.
You closely miss the blink frog.
The blink frog hits you but does no damage.
The blink frog blinks!
Your lightning spire shoots out a bolt of lightning at the bog body!
The bolt of electricity hits the blink frog.
The bolt of electricity hits the bog body.
The bog body casts a spell at you. The bolt of cold hits you!
You die...

♣≈≈≈≈≈≈≈..≈.♣
♣.≈≈≈≈≈≈..♣♣♣
♣≈≈≈≈≈≈<≈♣♣
♣.≈≈≈≈≈.P♣♣
♣.≈≈≈≈.(PP♣♣
♣≈≈≈...≈PP.♣♣♣
♣
♣...♣≈≈FPP≈≈.♣
..♣
♣♣..≈♣♣.PP≈≈8♣
♣≈≈.. ♣..♣
♣.PP≈@F♣♣....≈≈
♣♣♣
♣♣PP§≈n§f....≈§
♣PP.≈♣♣♣†.≈♣≈≈
♣..PP♣♣♣ ≈≈≈≈#
♣..≈PP .≈♣#
♣♣≈.≈. .#
♣.≈.≈≈ .. ♣♣§≈≈
†


You could see a thorn hunter, a bog body, 2 blink frogs and a friendly lightning
spire.

Vanquished Creatures
  Agnes (D:14)
  A thorn hunter (Swamp:4)
  Kirke (Lair:6)
  A fire giant (D:11)
  An orc warlord (Orc:2)
  A stone giant (Orc:1)
  The ghost of Voxish the Carver, a journeyman HuGl of Uskayaw (Lair:3)
  A fire dragon (Lair:4)
  Fannar (D:10)
  6 hydras
  A shambling mangrove (Swamp:2)
  A catoblepas (D:15)
  2 alligators
  7 two-headed ogres
  2 centaur warriors (D:15)
  A death yak (Lair:4)
  2 ogre magi
  An orc high priest (Orc:2)
  A spriggan druid (Swamp:3)
  3 unseen horrors
  2 swamp dragons (Swamp:4)
  A lindwurm (shapeshifter) (D:12)
  2 orc sorcerers
  3 orc knights
  A wolf spider (Lair:6)
  5 deep elf magi
  11 ugly things
  3 cyclopes
  3 manticores
  5 black mambas
  2 centaur zombies
  Joseph (D:9)
  2 elephants (Lair:6)
  17 spiny frogs
  3 gargoyles
  A kobold demonologist (D:15)
  10 rime drakes
  5 komodo dragons
  2 tengu conjurers (D:15)
  A harpy zombie (D:15)
  2 jumping spiders (Lair:3)
  2 trolls
  Prince Ribbit (D:6)
  6 tyrant leeches
  5 bog bodies
  2 hornets
  6 blink frogs
  16 slime creatures
  A meliai zombie (D:13)
  4 redbacks
  7 hippogriffs
  12 wyverns
  Eustachio (D:6)
  2 shadows
  6 hogs (Lair:4)
  41 yaks
  3 wraiths
  Grum (D:10)
  6 steam dragons
  A basilisk (Lair:6)
  2 hungry ghosts
  7 vampire mosquitoes
  3 wargs (Orc:2)
  8 insubstantial wisps
  A soldier ant (D:11)
  11 swamp worms
  An acid dragon (Lair:6)
  7 porcupines
  14 water moccasins
  3 ice beasts
  11 swamp drakes
  6 sky beasts
  2 necrophages
  27 orc warriors
  An eye of draining (D:13)
  4 black bears
  A phantom (D:10)
  12 ogres
  22 centaurs
  6 wolves
  12 crocodiles
  A big kobold (D:10)
  16 bullfrogs
  A wyvern zombie (D:8)
  2 gnoll sergeants
  A water moccasin zombie (D:7)
  3 elf skeletons (D:7)
  4 scorpions
  10 wights
  4 howler monkeys
  5 crimson imps
  2 human zombies (D:7)
  A bullfrog zombie (D:6)
  7 hounds
  3 jellies
  3 centaur skeletons
  13 orc priests
  26 orc wizards
  A human skeleton (D:7)
  3 bullfrog skeletons
  5 iguanas
  13 worker ants
  A hound zombie (D:11)
  2 hound skeletons
  A mummy (D:7)
  A worker ant zombie (D:6)
  14 adders
  19 gnolls
  8 river rats (Sewer)
  5 shadow imps
  6 white imps (Orc:2)
  An ooze (D:1)
  2 adder skeletons
  A dart slug (D:1)
  5 leopard geckos
  113 orcs
  3 giant cockroaches
  11 goblins
  10 hobgoblins
  30 kobolds
  2 quokkas
  9 ball pythons
  7 bats
  9 frilled lizards
  A leopard gecko skeleton (D:7)
  An orc skeleton (D:7)
  An orc zombie (D:7)
  A quokka skeleton (D:6)
  23 rats
  A plant (Lair:6)
814 creatures vanquished.

Vanquished Creatures (collateral kills)
  Rupert (D:14)
  A thorn hunter (Swamp:3)
  Louise (D:14)
  A fire dragon (Lair:6)
  A death ooze (Lair:3)
  Josephine (Lair:5)
  A yaktaur captain (D:15)
  5 hydras
  A death knight (D:11)
  An ice dragon (D:11)
  A centaur warrior (D:14)
  A catoblepas (D:11)
  5 two-headed ogres
  5 death yaks
  4 alligators
  Urug (Lair:3)
  8 swamp dragons
  8 ugly things
  A cyclops (D:13)
  3 black mambas
  3 elephants (Lair:6)
  A guardian serpent (Lair:6)
  7 spiny frogs
  A freezing wraith (D:14)
  A komodo dragon (Lair:6)
  3 rime drakes (Lair:5)
  A troll (Orc:2)
  A polar bear (Lair:6)
  2 hornets
  3 tyrant leeches
  6 blink frogs
  A bog body (Swamp:2)
  22 slime creatures
  2 hippogriffs
  3 wraiths (Lair:5)
  3 redbacks
  A hog (Lair:6)
  4 wyverns (Lair:6)
  12 yaks
  3 basilisks
  A steam dragon (Lair:5)
  A steam dragon (shapeshifter) (D:14)
  4 vampire mosquitoes
  2 hungry ghosts (D:12)
  An insubstantial wisp (Swamp:3)
  2 wargs (Orc:2)
  An acid dragon (Lair:6)
  5 orc warriors
  2 porcupines
  11 water moccasins
  A swamp drake (Lair:6)
  3 centaurs (D:15)
  3 ogres
  2 crocodiles (Lair:6)
  4 bullfrogs
  A howler monkey (D:12)
  A bullfrog zombie (D:12)
  A hound (D:12)
  5 jellies
  3 centaur skeletons
  2 orc priests (Orc:2)
  3 orc wizards (Orc:2)
  2 iguanas (Lair:6)
  A hound skeleton (D:11)
  6 white imps (Orc:2)
  15 orcs
  2 bushes (Lair:6)
  4 fungi
  8 plants
228 creatures vanquished.

Vanquished Creatures (others)
  14 fungi
  21 plants
  A spectral weapon (D:15)
36 creatures vanquished.

Grand Total: 1078 creatures vanquished

Notes
Turn   | Place    | Note
-------+----------+-------------------------------------------
     0 | D:1      | iamserjio the Kobold Air Elementalist began the quest for
                  | the Orb.
     0 | D:1      | Reached XP level 1. HP: 10/10 MP: 3/3
   216 | D:1      | Reached XP level 2. HP: 12/15 MP: 1/5
   267 | D:1      | Reached skill level 3 in Dodging
   513 | D:1      | Reached XP level 3. HP: 19/19 MP: 0/6
  1019 | D:1      | Learned a level 2 spell: Swiftness
  1289 | D:2      | Reached XP level 4. HP: 24/24 MP: 7/7
  2100 | D:3      | Learned a level 4 spell: Airstrike
  2379 | D:3      | Reached XP level 5. HP: 28/28 MP: 2/8
  3358 | D:4      | Reached XP level 6. HP: 17/32 MP: 5/10
  3818 | D:5      | Entered Level 5 of the Dungeon
  4142 | D:5      | Found a glowing golden altar of the Shining One.
  4508 | D:5      | Found Gopyuwasche's Book Shop.
  4591 | D:5      | Found a radiant altar of Vehumet.
  4592 | D:5      | Noticed a necrophage
  4607 | D:5      | Killed a necrophage
  4607 | D:5      | Reached XP level 7. HP: 33/36 MP: 5/12
  4987 | D:5      | Found an ornate altar of the Wu Jian Council.
  4987 | D:5      | Found a basalt altar of Yredelemnul.
  4990 | D:5      | Reached skill level 5 in Conjurations
  4990 | D:5      | Reached skill level 5 in Air Magic
  5132 | D:6      | Noticed Eustachio
  5244 | D:6      | Reached skill level 4 in Dodging
  5408 | D:6      | Reached XP level 8. HP: 14/41 MP: 3/14
  5503 | D:6      | Found a glowing drain.
  5512 | Sewer    | Entered a sewer
  5892 | Sewer    | Reached skill level 5 in Dodging
  6679 | D:6      | Noticed Prince Ribbit
  6685 | D:6      | Killed Prince Ribbit
  6685 | D:6      | Reached skill level 6 in Dodging
  7150 | D:6      | Found a staircase to the Ecumenical Temple.
  7247 | D:6      | Reached skill level 7 in Dodging
  7247 | D:6      | Reached XP level 9. HP: 23/45 MP: 1/15
  7532 | Temple   | Entered the Ecumenical Temple
  7795 | Temple   | Became a worshipper of Sif Muna the Loreminder
  7897 | D:6      | Killed Eustachio
  8051 | D:6      | Reached skill level 8 in Dodging
  9216 | D:6      | Reached skill level 1 in Fighting
  9413 | D:7      | Reached skill level 9 in Dodging
  9530 | D:7      | Found Douvyhe's Assorted Antiques.
  9548 | D:7      | Learned a level 5 spell: Lightning Bolt
  9552 | D:7      | Found a shimmering altar of Xom.
  9555 | D:7      | Found a glowing silver altar of Zin.
  9555 | D:7      | Noticed an angel
  9655 | D:7      | Found Mapniot's Antique Weapon Shop.
  9661 | D:7      | Found Gebariff's Book Shoppe.
  9889 | D:7      | Found Liuxt's Food Boutique.
 10106 | D:7      | Reached skill level 5 in Spellcasting
 10181 | D:7      | Reached XP level 10. HP: 55/55 MP: 4/17
 10677 | D:7      | Reached skill level 10 in Dodging
 10773 | D:7      | Found an ancient bone altar of Kikubaaqudgha.
 10817 | D:7      | Reached * piety under Sif Muna
 11369 | D:8      | Noticed a two-headed ogre
 11417 | D:8      | Reached skill level 11 in Dodging
 11898 | D:8      | Killed a two-headed ogre
 11898 | D:8      | Reached skill level 5 in Fighting
 12016 | D:8      | Found a hazy altar of Hepliaklqana.
 12499 | D:9      | Reached XP level 11. HP: 64/64 MP: 17/21
 12513 | D:9      | Reached skill level 12 in Dodging
 12614 | D:9      | Found a shadowy altar of Dithmenos.
 12703 | D:9      | Found a glowing golden altar of the Shining One.
 12802 | D:9      | Reached ** piety under Sif Muna
 12983 | D:9      | Noticed Joseph
 12997 | D:9      | Killed Joseph
 13102 | D:10     | Entered Level 10 of the Dungeon
 13253 | D:10     | Noticed a two-headed ogre
 13260 | D:10     | Killed a two-headed ogre
 13260 | D:10     | Reached skill level 1 in Evocations
 13782 | D:10     | Noticed Grum
 13790 | D:10     | Killed Grum
 14411 | D:10     | Noticed Fannar
 14893 | D:11     | Noticed a manticore
 14897 | D:11     | Killed a manticore
 15195 | D:11     | Reached *** piety under Sif Muna
 15299 | D:11     | Noticed a cyclops
 15311 | D:11     | Killed a cyclops
 15332 | D:11     | Noticed a red ugly thing
 15371 | D:11     | Killed a red ugly thing
 15478 | D:11     | Found Ogief's Antique Weapon Shoppe.
 15502 | D:11     | Noticed a death knight
 15585 | D:11     | Reached XP level 12. HP: 64/73 MP: 19/25
 15605 | D:11     | Reached skill level 10 in Spellcasting
 15749 | D:11     | Reached skill level 1 in Invocations
 16028 | D:11     | Learned a level 7 spell: Spellforged Servitor
 16036 | D:11     | Noticed a catoblepas
 16209 | D:5      | Bought a book of Callings for 450 gold pieces
 16214 | D:5      | Learned a level 4 spell: Summon Lightning Spire
 16385 | D:11     | Killed a catoblepas
 16475 | D:11     | Got a faintly glowing scale mail
 16560 | D:11     | Killed a death knight
 16615 | D:11     | Found a large runed door.
 16618 | D:11     | Found a large runed door.
 16621 | D:11     | Found a staircase to the Lair.
 16844 | D:11     | Noticed a fire giant
 16851 | D:11     | Noticed an ice dragon
 16855 | Lair:1   | Entered Level 1 of the Lair of Beasts
 16926 | Lair:1   | Found a burning altar of Makhleb.
 17058 | Lair:1   | Reached **** piety under Sif Muna
 17199 | Lair:1   | Reached skill level 5 in Summonings
 17266 | Lair:1   | Identified the +4 scale mail "Horip" {rCorr Slay+3} (You
                  | took it off an orc on level 11 of the Dungeon)
 17622 | Lair:1   | Found the +8 whip "Snakebite" {curare, rPois}
 18105 | Lair:2   | Reached skill level 5 in Evocations
 18807 | Lair:2   | Found a staircase to the Swamp.
 19173 | Lair:3   | Reached skill level 13 in Dodging
 19173 | Lair:3   | Reached XP level 13. HP: 57/80 MP: 27/27
 19311 | Lair:3   | Noticed Urug
 19324 | Lair:3   | Killed Urug
 19470 | Lair:3   | Found a runed gate.
 19529 | Lair:3   | Found a runed gate.
 19684 | Lair:3   | Found a runed gate.
 19686 | Lair:3   | Noticed Voxish's ghost (journeyman HuGl)
 19687 | Lair:3   | Noticed a death ooze
 19692 | Lair:3   | Found a viscous altar of Jiyva.
 19825 | Lair:3   | Found a hole to the Spider Nest.
 19926 | Lair:3   | Reached skill level 14 in Dodging
 20010 | Lair:3   | Found an ornate altar of the Wu Jian Council.
 20247 | Lair:3   | Got a crystal falchion
 20248 | Lair:3   | Identified the +1 falchion of Defence by Offence {slice,
                  | Str+2 Stlth+} (You found it on level 3 of the Lair of
                  | Beasts)
 20287 | Lair:4   | Reached skill level 10 in Fighting
 20559 | Lair:4   | Learned a level 1 spell: Animate Skeleton
 20563 | Lair:4   | Learned a level 3 spell: Mephitic Cloud
 20565 | Lair:4   | Learned a level 1 spell: Apportation
 20594 | Lair:4   | Noticed Kirke
 21121 | Lair:4   | Reached skill level 1 in Necromancy
 21631 | Lair:4   | Noticed a six-headed hydra
 21680 | Lair:4   | Killed a six-headed hydra
 22327 | Lair:5   | Reached ***** piety under Sif Muna
 22327 | Lair:5   | Identified Sif Muna's Papyrus of Bewitching Benedictions
                  | (Sif Muna gifted it to you on level 5 of the Lair of
                  | Beasts)
 22327 | Lair:5   | Received a gift from Sif Muna
 22713 | Lair:5   | Noticed a fire dragon
 22724 | Lair:4   | Killed a fire dragon
 23141 | Lair:5   | Reached XP level 14. HP: 80/90 MP: 28/28
 23323 | Lair:5   | Found a staircase to the Slime Pits.
 23383 | Lair:5   | Noticed Josephine
 23394 | Lair:5   | Killed Josephine
 24059 | Lair:6   | Entered Level 6 of the Lair of Beasts
 24172 | Lair:6   | Reached skill level 1 in Charms
 24438 | Lair:6   | Killed Kirke
 24881 | Lair:6   | Identified Sif Muna's Almanac of Creation and Poison (Sif
                  | Muna gifted it to you on level 6 of the Lair of Beasts)
 24881 | Lair:6   | Received a gift from Sif Muna
 25007 | Lair:6   | Reached skill level 10 in Summonings
 26105 | Lair:3   | Killed Voxish's ghost
 26272 | Lair:3   | Learned a level 2 spell: Blink
 26276 | Lair:3   | Learned a level 3 spell: Spectral Weapon
 26547 | D:12     | Reached XP level 15. HP: 58/95 MP: 27/31
 27152 | D:12     | Found a staircase to the Orcish Mines.
 27946 | D:13     | Identified the +2 robe "Cefriano" {rElec} (You found it on
                  | level 13 of the Dungeon)
 27958 | D:14     | Noticed Rupert
 27958 | D:14     | Noticed Louise
 27990 | D:14     | Reached skill level 15 in Dodging
 28040 | D:14     | Noticed Agnes
 28070 | D:14     | Found a gate to the Vaults.
 28130 | D:14     | Found a flagged portal.
 28142 | Bailey   | Entered a bailey
 28909 | D:14     | Killed Agnes
 28995 | D:14     | Killed Louise
 29076 | D:14     | Killed Rupert
 29103 | D:14     | Identified Sif Muna's Grimoire of Creative Fascination (Sif
                  | Muna gifted it to you on level 14 of the Dungeon)
 29103 | D:14     | Received a gift from Sif Muna
 29438 | D:14     | Reached skill level 1 in Armour
 29791 | D:15     | Entered Level 15 of the Dungeon
 29791 | D:15     | Noticed Roxanne
 29932 | D:15     | Reached skill level 16 in Dodging
 29973 | D:15     | Found a shattered altar of Ashenzari.
 30329 | D:15     | Reached XP level 16. HP: 81/101 MP: 30/32
 31237 | D:15     | Found a staircase to the Depths.
 31549 | Orc:1    | Entered Level 1 of the Orcish Mines
 31630 | D:12     | Learned a level 3 spell: Regeneration
 31632 | D:12     | Learned a level 1 spell: Summon Butterflies
 31868 | Orc:2    | Entered Level 2 of the Orcish Mines
 31932 | Orc:2    | Reached skill level 17 in Dodging
 31999 | Orc:2    | Found a roughly hewn altar of Beogh.
 32017 | Orc:2    | Reached skill level 5 in Armour
 32021 | Orc:2    | Found Soanuh's Antique Weapon Shop.
 32233 | Orc:2    | Found a roughly hewn altar of Beogh.
 32251 | Orc:2    | Found a roughly hewn altar of Beogh.
 32267 | Orc:2    | Found Ocrudahu's Antique Armour Boutique.
 32350 | Orc:1    | Found Daobagh's Jewellery Emporium.
 32645 | Orc:2    | Found a roughly hewn altar of Beogh.
 32657 | Orc:2    | Found a staircase to the Elven Halls.
 33253 | Orc:2    | Found Emmihow's Antique Armour Shoppe.
 33254 | Orc:2    | Found a roughly hewn altar of Beogh.
 33255 | Orc:2    | Found Hejexkimeh's Antique Weapon Emporium.
 33613 | Orc:2    | Bought a glowing robe for 114 gold pieces
 33678 | Orc:2    | Bought a transparent dagger for 210 gold pieces
 33680 | Orc:2    | Identified the +4 dagger "Raisin" {chaos, -Tele rPois rF+
                  | Str+3} (You bought it in a shop on level 2 of the Orcish
                  | Mines)
 33734 | Orc:2    | Bought a jewelled broad axe for 225 gold pieces
 33736 | Orc:2    | Identified the cursed +1 broad axe of Mourning {venom, rN+
                  | Int+5} (You bought it in a shop on level 2 of the Orcish
                  | Mines)
 33843 | D:11     | Found a deep blue altar of Sif Muna.
 33846 | D:11     | Found an ancient bone altar of Kikubaaqudgha.
 33876 | D:11     | Killed a fire giant
 34103 | D:11     | Found Ogief's Antique Weapon Shoppe.
 34193 | D:11     | Found an ancient bone altar of Kikubaaqudgha.
 34196 | D:11     | Found a deep blue altar of Sif Muna.
 34348 | D:7      | Bought a scroll of identify for 58 gold pieces
 34348 | D:7      | Bought a scroll labeled AMOUCVYJEY for 29 gold pieces
 34385 | D:7      | Identified a scroll of acquirement
 34386 | D:7      | Got a shimmering bone amulet
 34388 | D:7      | Identified the amulet of the Manifold Cities {Harm *Drain
                  | rN+ Str+6} (You acquired it on level 7 of the Dungeon)
 34707 | D:10     | Killed Fannar
 34707 | D:10     | Reached skill level 1 in Translocations
 34964 | Slime:1  | Entered Level 1 of the Pits of Slime
 35067 | Swamp:1  | Entered Level 1 of the Swamp
 35200 | Swamp:1  | Identified Sif Muna's Compendium of Necromancy (Sif Muna
                  | gifted it to you on level 1 of the Swamp)
 35200 | Swamp:1  | Received a gift from Sif Muna
 35479 | Swamp:1  | Got a steaming leather armour
 35481 | Swamp:1  | Identified the +0 leather armour "Lehy" {rElec rF+ MR+++
                  | Str-4} (You found it on level 1 of the Swamp)
 37670 | Swamp:2  | Found a runed gate.
 37685 | Swamp:2  | Found a runed gate.
 37746 | Swamp:2  | Found a runed gate.
 37748 | Swamp:2  | Noticed grindst0ne's ghost (adept HuAr)
 38614 | Swamp:3  | Reached XP level 17. HP: 106/106 MP: 24/33
 39513 | Swamp:4  | Entered Level 4 of the Swamp
 39513 | Swamp:4  | Noticed a thorn hunter
 39530 | Swamp:3  | Killed a thorn hunter
 39670 | Swamp:4  | Noticed a thorn hunter
 39693 | Swamp:4  | Killed a thorn hunter
 39749 | Swamp:4  | Noticed a thorn hunter
 39755 | Swamp:4  | Killed from afar by a bog body

Vault maps used:
D:1:      ncdulo_lavacross, minmay_misc_feat_five, minmay_shallow_snake_nest
D:5:      amethyst_overflow_temple_binary, vehumet_crystals, serial_shops, shop,
          first_ration, tso_altar
D:6:      minmay_temple_entry_junction, portal_sewer_entry_b,
          nrook_mini_backslash, minivault_25, uniq_prince_ribbit1,
          uniq_eustachio
D:7:      grunt_temple_overflow_order_and_chaos_1,
          lemuel_mausoleum_altar_kikubaaqudgha, serial_shops, shop,
          nicolae_shop_trees, nicolae_shop_stone, shop
D:8:      old_standard_altar
D:9:      minitemple, uniq_joseph
D:10:     grunt_pizzeria, uniq_fannar, uniq_grum
D:11:     lair_entry_dummy, serial_shops, kennysheep_mini_moat,
          solitary_fountain, palyth_stone_intersect, jmf_multi_god_temple2
D:12:     orc_0_dummy, dk_vineyard_1
D:14:     david_vaults_2, kennysheep_another_room, enter_bailey_3, uniq_rupert,
          uniq_louise, uniq_agnes
D:15:     grunt_enter_depths_snipers, evilmike_ruin_ashenzari,
          bh_walls_and_bars, uniq_roxanne
Temple:   oiseaux_autumnal_temple
Lair:1:   minmay_guarded_unrand_snakebite, basic_altar, lemuel_fruit_fields,
          grunt_megastairs_4, serial_bayou_shore_a
Lair:2:   swamp_mist
Lair:3:   nicolae_spider_entry_tight_spaces, gammafunk_ghost_ooze,
          lemuel_centaur_altar, lemuel_fruit_tree, uniq_urug
Lair:4:   beast_lair_carwin_11, serial_bayou_shore_b, lemuel_fruit_fields,
          uniq_kirke
Lair:5:   slime_dummy, bobbens_dragon_lair_wall, serial_bayou_shore_b,
          grunt_megastairs_5, uniq_josephine
Lair:6:   guppyfry_lair_end_dragon, hangedman_lair_tendril_chambers,
          lemuel_fruit_fields
Swamp:1:  evilmike_swamp_ruin_house_6, swamp_pool5
Swamp:2:  gammafunk_ghost_hydra_chop, infiniplex_staircase_pool_2
Swamp:3:  serial_swamp_ruin, evilmike_swamp_ruin_house_3,
          evilmike_swamp_ruin_house_5, hangedman_swamp_ruin_hall, swamp_pool2
Swamp:4:  swamp_alternative, nicolae_swamp_baby_hydras
Slime:1:  cheibrodos_slime_lost_civilization_10
Orc:1:    serial_shops, shop
Orc:2:    grunt_orc_community_town_hall, grunt_orc_community_big_house_2,
          grunt_orc_community_big_house_1, grunt_orc_community_house_3,
          grunt_orc_community_house_2, grunt_orc_community_house_3,
          grunt_orc_community_house_1, grunt_orc_community_house_1,
          portal_ice_cave_entry_imps
Sewer:    sewer_minmay_treatment
Bailey:   bailey_polearm_2, bailey

Skill      XL: |  1  2  3  4  5  6  7  8  9 10 11 12 13 14 15 16 17 |
---------------+----------------------------------------------------+-----
Dodging        | 3 4 7 9 11 12 13 14 16 17 | 17.0
Conjurations   | 2 3 4 5 6 |  6.0
Air Magic      | 4 5 7 8 |  8.0
Spellcasting   | 3 4 5 6 9 10 12 | 12.3
Fighting       | 2 5 8 9 11 12 | 12.4
Evocations     | 4 6 7 |  7.3
Invocations    | 3 |  3.0
Summonings     | 5 6 10 11 12 | 12.7
Necromancy     | 1 2 4 |  4.0
Charms         | 1 |  1.0
Armour         | 3 8 9 |  9.1
Translocations | 3 4 |  4.0
Maces & Flails | |  0.5
Stealth        | |  2.6

Action                   |  1- 3 |  4- 6 |  7- 9 | 10-12 | 13-15 | 16-18 || total
-------------------------+-------+-------+-------+-------+-------+-------++-------
Melee: Short sword       |    16 |       |       |       |       |       ||    16
       Spear             |    35 |    79 |       |       |       |       ||   114
       Rapier            |       |     8 |    67 |   271 |       |       ||   346
       Dagger            |       |       |    70 |   100 |       |       ||   170
       Unarmed           |       |       |     3 |       |     5 |       ||     8
       Whip              |       |       |       |   110 |   964 |   711 ||  1785
 Fire: Blowgun           |       |       |    10 |     9 |       |       ||    19
 Cast: Shock             |    56 |    99 |   101 |   101 |       |       ||   357
       Airstrike         |       |     2 |    65 |   143 |   175 |   168 ||   553
       Summon Lightning  |       |       |       |    20 |    60 |    59 ||   139
       Lightning Bolt    |       |       |       |     3 |       |       ||     3
       Animate Skeleton  |       |       |       |       |   101 |    21 ||   122
       Mephitic Cloud    |       |       |       |       |     8 |       ||     8
       Spectral Weapon   |       |       |       |       |     1 |     1 ||     2
       Regeneration      |       |       |       |       |       |     5 ||     5
Invok: Divine Energy     |       |       |       |     1 |       |       ||     1
Evoke: Wand              |       |       |    10 |    14 |    27 |    16 ||    67
       Phial of floods   |       |       |       |       |       |     1 ||     1
  Use: Scroll            |       |     7 |     5 |    16 |    19 |    13 ||    60
       Potion            |       |     3 |     2 |     1 |     2 |     2 ||    10
 Stab: Sleeping          |     1 |     6 |     3 |     3 |     9 |     8 ||    30
       Paralysed         |       |       |       |    18 |    18 |       ||    36
       Distracted        |       |       |       |     4 |    16 |    15 ||    35
       Confused          |       |       |       |       |     2 |     1 ||     3
  Eat: Chunk             |    10 |    11 |    29 |    44 |    41 |    30 ||   165
Armor: Robe              |     5 |     5 |    19 |    66 |    25 |       ||   120
       Steam dragon scal |       |       |       |       |   162 |   199 ||   361
Dodge: Dodged            |    58 |    85 |   184 |   693 |  1137 |  1144 ||  3301

Table legend:
 A = Non-vault XP
 B = Vault XP
 C = Vault XP percentage of total XP
 D = Non-vault monster count
 E = Vault monster count
 F = Vault count percentage of total count
                 A         B        C        D         E       F
            +---------+---------+-------+---------+---------+-------
      Total |  113430 |   53688 |  32.1 |     699 |     328 |  31.9
            +---------+---------+-------+---------+---------+-------
        D:1 |      55 |       4 |   6.8 |      29 |       2 |   6.5
        D:2 |      43 |       0 |   0.0 |      20 |       0 |   0.0
        D:3 |      92 |       0 |   0.0 |      10 |       0 |   0.0
        D:4 |     106 |       0 |   0.0 |      12 |       0 |   0.0
        D:5 |     471 |       0 |   0.0 |      17 |       0 |   0.0
        D:6 |    1496 |     494 |  24.8 |      33 |       5 |  13.2
        D:7 |    1018 |     698 |  40.7 |      24 |      12 |  33.3
        D:8 |    2490 |       0 |   0.0 |      28 |       0 |   0.0
        D:9 |    1803 |     471 |  20.7 |      22 |       1 |   4.3
       D:10 |    2632 |    1219 |  31.7 |      39 |       6 |  13.3
       D:11 |    4251 |    3468 |  44.9 |      39 |       6 |  13.3
       D:12 |    6102 |       0 |   0.0 |      39 |       0 |   0.0
       D:13 |    5624 |       0 |   0.0 |      29 |       0 |   0.0
       D:14 |    8719 |    6568 |  43.0 |      30 |      10 |  25.0
       D:15 |   17974 |    2001 |  10.0 |      52 |       3 |   5.5
     Lair:1 |    1830 |    1796 |  49.5 |      15 |      14 |  48.3
     Lair:2 |    4409 |       0 |   0.0 |      20 |       0 |   0.0
     Lair:3 |    4610 |    4377 |  48.7 |      20 |      18 |  47.4
     Lair:4 |    4310 |    3003 |  41.1 |      12 |      11 |  47.8
     Lair:5 |    3979 |    5453 |  57.8 |      21 |      21 |  50.0
     Lair:6 |    6918 |   11608 |  62.7 |      36 |      53 |  59.6
    Swamp:1 |    8318 |     403 |   4.6 |      34 |       3 |   8.1
    Swamp:2 |    7539 |       0 |   0.0 |      25 |       0 |   0.0
    Swamp:3 |    9750 |       0 |   0.0 |      35 |       0 |   0.0
    Swamp:4 |    2277 |    6340 |  73.6 |       7 |      12 |  63.2
      Orc:1 |    2509 |       0 |   0.0 |       9 |       0 |   0.0
      Orc:2 |    4105 |    4130 |  50.2 |      42 |      77 |  64.7
      Sewer |       0 |     167 | 100.0 |       0 |      48 | 100.0
     Bailey |       0 |    1488 | 100.0 |       0 |      26 | 100.0
            +---------+---------+-------+---------+---------+-------
